 Dungeon Crawl Stone Soup version 0.30-a0-121-gb27577e5d9 (webtiles) character file.

Game seed: 8514622149655872203

165 LnG the Chopper (level 5, 0/46 HPs)
             Began as a Hill Orc Fighter on Sept 14, 2022.
             Was a Follower of Lugonu.
             Slain by a thrashing horror (11 damage)
             ... on level 2 of the Abyss.
             The game lasted 00:05:55 (2230 turns).

LnG the Chopper (Hill Orc Fighter)                  Turns: 2230, Time: 00:05:56

Health: 0/46       AC: 17    Str: 23    XL:     5   Next: 46%
Magic:  5/5        EV:  7    Int: 13    God:    Lugonu [*.....]
Gold:   79         SH:  5    Dex: 14    Spells: 4/4 levels left

rFire   . . .      SeeInvis .    a - +0 war axe
rCold   . . .      Faith    .    c - +0 buckler
rNeg    . . .      Spirit   .    t - +5 chain mail of Fedhas's Vengeance {Str+2 Int+5 Dex+4}
rPois   .          Reflect  .    o - +0 helmet
rElec   .          Harm     .    (no cloak)
rCorr   .          Rampage  .    s - +0 pair of gloves
Will    .....                    (no boots)
Stlth   ..........               (no amulet)
HPRegen 0.15/turn                (no ring)
MPRegen 0.09/turn                (no ring)

@: no status effects
A: no striking features
a: Renounce Religion, Depart the Abyss


You were on level 2 of the Abyss.
You worshipped Lugonu.
Lugonu was aware of your devotion.
You visited 1 branch of the dungeon, and saw 2 of its levels.
You visited the Abyss 1 time.

You collected 79 gold pieces.

Inventory:

Hand Weapons
 a - a +0 war axe (weapon)
Missiles
 q - 4 boomerangs (quivered)
Armour
 b - a +0 scale mail
 c - a +0 buckler (worn)
 o - a +0 helmet (worn)
 s - a +0 pair of gloves (worn)
 t - the +5 chain mail of Fedhas's Vengeance (worn) {Str+2 Int+5 Dex+4}
   (You found it on level 2 of the Dungeon)

   Str:       It affects your strength (+2).
   Int:       It affects your intelligence (+5).
   Dex:       It affects your dexterity (+4).
Jewellery
 g - a ring of magical power
Scrolls
 h - a scroll of poison {unknown}
 l - 3 scrolls of identify {unknown}
 m - a scroll of torment {unknown}
 p - a scroll of butterflies {unknown}
Potions
 d - 2 potions of might
 e - a potion of cancellation {unknown}
 f - a potion of curing {unknown}
 i - a potion of mutation {unknown}
 n - a potion of degeneration {unknown}
 r - a potion of attraction {unknown}
 u - a potion of brilliance {unknown}


   Skills:
 + Level 4.1 Fighting
 + Level 5.3 Axes
 + Level 4.4 Armour
 + Level 0.3 Dodging
 + Level 0.1 Stealth
 + Level 3.7 Shields


You had 4 spell levels left.
You didn't know any spells.
Your spell library was empty.

Dungeon Overview and Level Annotations

Branches:
Dungeon (2/15)

Altars:

Annotations:
D:2 Crazy Yiuf


Message History

The thrashing horror tramples you.
You hold your ground!
The thrashing horror barely misses you. The thrashing horror tramples you.
You stumble backwards!
The thrashing horror tramples you but does no damage. x2
Blink to where?
Press: ? - help, Dir - move target
As you read the scroll labelled NAVAIKH ROPAWN, it crumbles to dust.
It was a scroll of blinking.
The thrashing horror tramples you but does no damage.
The thrashing horror barely misses you.
The thrashing horror attacks as you move away!
You block the thrashing horror's attack.
The thrashing horror tramples you but does no damage. x5
The thrashing horror tramples you but does no damage. x2
There are monsters nearby!
Blink to where?
Press: ? - help, Dir - move target
As you read the scroll of blinking, it crumbles to dust.
The thrashing horror tramples you but does no damage.
The thrashing horror completely misses you.
The thrashing horror attacks as you move away!
The thrashing horror tramples you but does no damage.
The thrashing horror barely misses you. x2; The thrashing horror tramples you.
You stumble backwards!
The thrashing horror tramples you but does no damage. x2
Found a gateway leading deeper into the Abyss.
The thrashing horror tramples you.
You stumble backwards!
The thrashing horror barely misses you.
The thrashing horror tramples you but does no damage.
The thrashing horror attacks as you move away!
The thrashing horror tramples you but does no damage.
The thrashing horror tramples you.
The thrashing horror tramples you but does no damage. x3
The thrashing horror tramples you!
* * * LOW HITPOINT WARNING * * *
You hold your ground!
The thrashing horror attacks as you move away!
The thrashing horror tramples you but does no damage. x2
The thrashing horror tramples you!
You die...

## .. ##.# #..
#.###@# #.###...X#
.>.#.###X#
##..##.## #..#...#
##########.#.#.#.##
#.#.#....#........#
.#.#.#.#....#...###
#..##.#.##..##.#.#


You could see 2 thrashing horrors.

Vanquished Creatures
  Terence (D:2)
  Natasha (twice) (D:2)
  Robin (D:2)
  A gnoll (D:1)
  An adder (D:2)
  2 dart slugs (D:2)
  A worm (D:2)
  4 endoplasms
  4 giant cockroaches
  14 goblins
  4 hobgoblins
  3 jackals (D:1)
  2 quokkas
  3 ball pythons (D:2)
  3 bats (D:2)
  3 frilled lizards
  4 kobolds
  3 rats (D:2)
56 creatures vanquished.

Notes
Turn   | Place    | Note
-------+----------+-------------------------------------------
     0 | D:1      | LnG the Hill Orc Fighter began the quest for the Orb.
     0 | D:1      | Reached XP level 1. HP: 19/19 MP: 1/1
   207 | D:1      | Reached XP level 2. HP: 27/27 MP: 2/2
   416 | D:1      | Reached skill level 3 in Axes
   416 | D:1      | Reached XP level 3. HP: 21/33 MP: 3/3
  1111 | D:2      | Noticed Robin
  1118 | D:2      | Killed Robin
  1119 | D:2      | Reached XP level 4. HP: 16/40 MP: 4/4
  1418 | D:2      | Noticed Natasha
  1421 | D:2      | Killed Natasha
  1422 | D:2      | Reached skill level 4 in Axes
  1586 | D:2      | Found a runed translucent door.
  1587 | D:2      | Noticed Crazy Yiuf
  1711 | D:2      | Noticed Natasha
  1722 | D:2      | Killed Natasha
  1723 | D:2      | Reached XP level 5. HP: 39/46 MP: 5/5
  1770 | D:2      | Identified the +3 leather armour "Lacaem" {rC+ rN+ Dex+3}
  1795 | D:2      | Identified the +5 chain mail of Fedhas's Vengeance {Str+2
                  | Int+5 Dex+4}
  1912 | D:2      | Noticed Terence
  1918 | D:2      | Killed Terence
  1919 | D:2      | Reached skill level 5 in Axes
  2025 | Abyss:2  | Cast into level 2 of the Abyss (Crazy Yiuf)
  2049 | Abyss:2  | Noticed a small abomination
  2061 | Abyss:2  | Noticed a thrashing horror
  2075 | Abyss:2  | Found a corrupted altar of Lugonu.
  2086 | Abyss:2  | Became a worshipper of Lugonu the Unformed
  2086 | Abyss:2  | Reached * piety under Lugonu
  2129 | Abyss:2  | Noticed an ice devil
  2185 | Abyss:2  | Noticed a large abomination
  2192 | Abyss:2  | Noticed a large abomination
  2210 | Abyss:2  | Noticed a thrashing horror
  2211 | Abyss:2  | Noticed a thrashing horror
  2230 | Abyss:2  | Slain by a thrashing horror

Illustrated notes

Levels and vault maps discovered:
D:1:      spicycebolla_arrival_ecumenical, layout_basic,
          chequers_serial_rivers_micro_b, minmay_splitting_lines
D:2:      minmay_spotlight, layout_basic, uniq_robin, uniq_crazy_yiuf_cottage,
          uniq_natasha, uniq_terence
Abyss:2:  base:
Temple

Skill      XL: |  1  2  3  4  5 |
---------------+----------------+-----
Axes           | 3 4 5 |  5.3
Fighting       | 4 |  4.1
Armour         | 4 |  4.4
Dodging        | |  0.3
Stealth        | |  0.1
Shields        | |  3.7

Action                   |  1- 3 |  4- 6 || total
-------------------------+-------+-------++-------
Melee: War axe           |    91 |    58 ||   149
  Use: Scroll            |       |     4 ||     4
Armor: Scale mail        |    32 |    30 ||    62
       Chain mail        |       |    35 ||    35
Dodge: Dodged            |    40 |    31 ||    71
Block: Buckler           |    19 |    18 ||    37

Table legend: (Time is in decaauts)
 A = Elapsed time spent in this place.
 B = Non-inter-level travel time spent in this place.
 C = Inter-level travel time spent in this place.
 D = Time resting spent in this place.
 E = Time spent auto-exploring this place.
 F = Levels seen in this place.
 G = Mean time per level.
                   A        B        C        D        E       F      G
               +--------+--------+--------+--------+--------+-----+--------+
         Total |   2285 |   2248 |     37 |    345 |   1329 |   3 |  761.7 |
       Dungeon |   2080 |   2043 |     37 |    345 |   1329 |   2 | 1040.0 |
         Abyss |    205 |    205 |      0 |      0 |      0 |   1 |  205.0 |
               +--------+--------+--------+--------+--------+-----+--------+

Top non-repeatable levels by time:
     D:2: 1092 daAuts
     D:1: 987 daAuts
 Abyss:2: 205 daAuts
